 Dungeon Crawl Stone Soup version 0.23.2-1-ga50397a6bc (webtiles) character file.

Game seed: 12440659506215093016

319 Morbidden the Slasher (level 6, 0/51 HPs)
             Began as a Demigod Gladiator on May 5, 2019.
             Killed from afar by Dowan (11 damage)
             ... with a puff of flame
             ... on level 4 of the Dungeon.
             The game lasted 00:05:35 (3158 turns).

Morbidden the Slasher (Demigod Gladiator)           Turns: 3158, Time: 00:05:36

Health: 0/51       AC: 10    Str: 21    XL:     6   Next: 1%
Magic:  8/8        EV: 15    Int: 17    God:
Gold:   232        SH:  0    Dex: 22    Spells: 5/5 levels left

rFire    . . .     SeeInvis .   p - +0 long sword (curse)
rCold    . . .     Gourm    .   (no shield)
rNeg     . . .     Faith    .   l - +0 ring mail
rPois    .         Spirit   .   c - +0 helmet
rElec    .         Reflect  .   t - +0 cloak
rCorr    .         Harm     .   (no gloves)
MR       .....     Rnd*Tele +   (no boots)
Stlth    ++........             b - amulet of the acrobat
HPRegen  0.17/turn              j - +3 ring of protection
MPRegen  0.11/turn              o - ring of teleportation (curse)

@: brilliant, agile, flying, extremely drained
A: high mp 1
a: no special abilities


You were on level 4 of the Dungeon.
You were not hungry.

You visited 1 branch of the dungeon, and saw 4 of its levels.

You collected 232 gold pieces.

Inventory:

Hand Weapons
 p - a cursed +0 long sword (weapon)
Missiles
 d - 3 throwing nets (quivered)
Armour
 c - a +0 helmet (worn)
 l - a +0 ring mail (worn)
 t - a +0 cloak (worn)
Jewellery
 a - an uncursed ring of stealth
 b - an amulet of the acrobat (around neck)
 j - a +3 ring of protection (left hand)
 o - a cursed ring of teleportation (right hand)
 s - an uncursed amulet of harm {unknown}
Scrolls
 g - a scroll of identify
 m - a scroll of immolation
 n - 2 scrolls of blinking
Potions
 e - 4 potions of curing
 k - 2 potions of flight
 q - a potion of mutation
 r - a potion of heal wounds
Comestibles
 f - 8 rations


   Skills:
 * Level 3.4(0.0) Fighting
 * Level 4.9(0.0) Long Blades
 + Level 1.7(0.0) Throwing
 + Level 1.5(0.0) Armour
 + Level 3.3(0.0) Dodging


You had 5 spell levels left.
You didn't know any spells.
Your spell library contained the following spells:

 Spells                   Type           Power        Failure   Level  Hunger
 Gell's Gravitas          Tloc           ##........   13%         3    ####...
 Portal Projectile        Hex/Tloc       ##....       13%         3    ####...
 Force Lance              Conj/Tloc      ##......     34%         4    #####..
 Dispersal                Tloc           ##........   98%         6    #######
 Controlled Blink         Tloc           N/A          100%        8    #######
 Disjunction              Tloc           ##........   100%        8    #######


Dungeon Overview and Level Annotations

Branches:
Dungeon (4/15)
 Temple: D:4-7

Annotations:
D:4 Dowan, Duvessa


Innate Abilities, Weirdness & Mutations

You have an increased reservoir of magic. (+10% MP)


Message History

Dowan hits you but does no damage.
Unknown command.
You hit Duvessa.
Duvessa is lightly wounded.
Duvessa hits you with a +2 short sword of draining.
* * * LOW HITPOINT WARNING * * *
You feel drained. Duvessa misses you. Dowan hits you but does no damage.
Unknown command.
Duvessa hits you but does no damage.
You feel drained.
Dowan points at you and mumbles some strange words.
You resist with some effort. Duvessa hits you but does no damage.
You feel drained.
You closely miss Duvessa.
Duvessa is lightly wounded.
Duvessa hits you with a +2 short sword of draining.
* * * LOW HITPOINT WARNING * * *
You feel drained.
Dowan points at you and mumbles some strange words.
The puff of flame hits you!
You die...

...........#.....### #.#.##
.........##........# ##....##
....#.......###...## #......#
###.#.........#..### ##...###
...............#.## ##...####
##....##............## #...##..##
#....##...#....e.....# #.........
..........#....e.....####.#......
................@.....##.........
..........#......................
..........##..........##........#
......................#.......†.†
..........#...................÷.#
#.....>..###..#.................#
##.#..........##.................
#.##.##.....# #............(.#..
....#.##...######................


You could see Duvessa and Dowan.

Vanquished Creatures
  A scorpion (D:4)
  A bullfrog skeleton (D:3)
  Natasha (twice) (D:4)
  A worker ant (D:4)
  7 adders
  3 oozes
  An adder skeleton (D:4)
  A worm (D:2)
  6 dart slugs
  7 orcs
  8 bats
  4 giant cockroaches
  4 goblins
  7 hobgoblins
  4 jackals (D:4)
  6 kobolds
  2 quokkas (D:3)
  7 frilled lizards
  5 rats
77 creatures vanquished.

Notes
Turn   | Place    | Note
-------+----------+-------------------------------------------
     0 | D:1      | Morbidden the Demigod Gladiator began the quest for the
                  | Orb.
     0 | D:1      | Reached XP level 1. HP: 17/17 MP: 3/3
   179 | D:1      | Reached skill level 3 in Long Blades
   244 | D:1      | Reached XP level 2. HP: 24/24 MP: 4/4
   596 | D:2      | Found a snail-covered altar of Cheibriados.
   647 | D:2      | Reached XP level 3. HP: 29/29 MP: 5/5
  1006 | D:2      | Reached XP level 4. HP: 35/37 MP: 6/6
  1414 | D:3      | Reached skill level 4 in Long Blades
  1882 | D:3      | Reached XP level 5. HP: 44/44 MP: 7/7
  2324 | D:4      | Noticed Duvessa
  2324 | D:4      | Noticed Dowan
  2329 | D:4      | Noticed Natasha
  2334 | D:4      | Killed Natasha
  2334 | D:4      | Reached skill level 1 in Armour
  2384 | D:4      | Noticed Natasha
  2966 | D:4      | Killed Natasha
  3105 | D:4      | Reached XP level 6. HP: 48/51 MP: 8/8
  3158 | D:4      | Killed from afar by Dowan

Skill      XL: |  1  2  3  4  5 |
---------------+----------------+-----
Fighting       | 2 3 |  3.4
Long Blades    | 3 4 |  4.9
Dodging        | 3 |  3.3
Armour         | 1 |  1.5
Throwing       | |  1.7

Action                   |  1- 3 |  4- 6 || total
-------------------------+-------+-------++-------
Melee: Long sword        |    76 |   162 ||   238
  Use: Scroll            |       |     6 ||     6
       Potion            |       |     4 ||     4
  Eat: Chunk             |       |     8 ||     8
Armor: Leather armour    |     5 |       ||     5
       Ring mail         |    17 |    86 ||   103
Dodge: Dodged            |    72 |   144 ||   216
       Rpst.: Long sword |    25 |    53 ||    78
